[Event "Early-Titled-Tuesday-Blitz-November-28-2023"]
[Site "Chess.com"]
[Date "2023.11.28"]
[Round "1"]
[White "Nf3c5"]
[Black "AryanTari"]
[Result "0-1"]
[WhiteElo "2507"]
[BlackElo "2963"]
[TimeControl "180+1"]
[EndTime "8:07:24 PST"]
[Termination "AryanTari won by resignation"]

1. d4 Nf6 2. Nf3 d5 3. e3 g6 4. c4 c6 5. Nc3 Bg7 6. h3 O-O 7. Bd3 e6 8. O-O Nbd7 9. b3 b6 10. a4 a5 11. Ba3 Re8 12. Rc1 Bb7 13. Bd6 c5 14. Nb5 Rc8 15. Na7 Ra8 16. Nb5 Ne4 17. Bxe4 dxe4 18. Ne5 Rc8 19. Na7 Ra8 20. Nb5 Bf8 21.
Nxd7 Qxd7 22. dxc5 bxc5 23. Bxf8 Qxd1 24. Rfxd1 Rxf8 25. Rd6 Rfc8 26. Rcd1 Bc6 27. g4 Kf8 28. g5 Ke7 29.
Kg2 Ra6 30. R6d2 Rb6 31. Kg3 Ra8 32. Kf4 f6 33. gxf6+ Kxf6 34. Rd6 g5+ 35. Kg3 Rc8 36. Na7 Rc7 37. Nb5 Rcb7 38. Rd8 h5 39. R1d6 Ke5 40.
Rd2 Rb8 41. R8d6 Be8 42. Rd8 Bg6 43. h4 Kf6 44. hxg5+ Kxg5 45. R8d6 Bf5 46. Kh2 h4 47. Rd7 h3 48. Rg7+ Kf6 49. Rdd7 Ke5 50. Rdf7 Rd8 51. Rd7 Rbb8 52. Na7 Rxd7 53. Rxd7 Rxb3 54. Nc6+ Kf6 55. Nxa5 Rb2 56. Kg3 Rb1 57. Nc6 Rg1+ 58. Kh2 Rg2+ 59.
Kh1 Rxf2 60. a5 Bg4 61. Rh7 Bf3+ 62. Kg1 Rg2+ 63. Kf1 h2 64. a6 Rg1+ 65. Kf2 h1=Q 66.
Rxh1 Rxh1 67. a7 Ra1 0-1

[Event "Early-Titled-Tuesday-Blitz-November-28-2023"]
[Site "Chess.com"]
[Date "2023.11.28"]
[Round "1"]
[White "SharapovEvgeny"]
[Black "GAusal"]
[Result "1-0"]
[WhiteElo "2615"]
[BlackElo "2299"]
[TimeControl "180+1"]
[EndTime "8:07:24 PST"]
[Termination "SharapovEvgeny won by resignation"]

1. c4 e5 2. Nc3 Nc6 3. g3 g6 4. Bg2 Bg7 5. e3 d6 6. Nge2 f5 7. d3 Nf6 8. Rb1 O-O 9. O-O a5 10. a3 Ne7 11. b4 axb4 12. axb4 c6 13. b5 Be6 14. bxc6 bxc6 15. f4 Qc7 16. Kh1 e4 17. dxe4 fxe4 18. Nxe4 Nxe4 19. Bxe4 Bxc4 20. Bf3 d5 21. Re1 Ra2 22. Nd4 Qd6 23. Bb2 c5 24. Nb5 Bxb5 25. Bxg7 Kxg7 26. Rxb5 Rb8 27. Qb1 Rxb5 28.
Qxb5 c4 29. Rd1 Qa3 30. Qb6 Qb2 31.
Qd4+ Qxd4 32. exd4 Kf6 33. Re1 Rd2 34. Bg4 Nf5 35.
Re5 Rxd4 36. Bf3 Ne7 37. Re2 Rd3 38. Kg2 d4 39. Kf2 c3 40. Be4 Rd1 41. Bc2 Rd2 42. Rxd2 cxd2 43. Ke2 Ke6 44. Kxd2 Kd5 45. Kd3 Nc6 46.
Bb3+ Kc5 47. Bg8 h6 48. Bh7 g5 49. fxg5 hxg5 50. h4 gxh4 51. gxh4 Kd5 52. Be4+ Kd6 53.
Bxc6 Kxc6 54. h5 Kd6 55. h6 Ke7 56. h7 Kf7 57. h8=Q 1-0

[Event "Early-Titled-Tuesday-Blitz-November-28-2023"]
[Site "Chess.com"]
[Date "2023.11.28"]
[Round "1"]
[White "baki83"]
[Black "jlf287"]
[Result "1-0"]
[WhiteElo "2814"]
[BlackElo "2453"]
[TimeControl "180+1"]
[EndTime "8:07:25 PST"]
[Termination "baki83 won by resignation"]

1. e4 e5 2. Nf3 Nc6 3. Bb5 a6 4. Ba4 Nf6 5. O-O Be7 6. Re1 b5 7.
Bb3 O-O 8. h3 Bb7 9. d3 d6 10.
Nc3 Nd4 11. Nxd4 exd4 12. Ne2 c5 13. Ng3 Rc8 14. a4 c4 15. Ba2 d5 16. e5 Ne8 17.
Nf5 Nc7 18. Qg4 Ne6 19. Nxg7 Kh8 20. Nxe6 fxe6 21. Qxe6 Rc6 22. Qg4 Rg6 23. Qe2 Bh4 24.
Rf1 Bc8 25. Kh2 Qd7 26. g4 h5 27. f3 Qe6 28. Bd2 Kg7 29. Rae1 Rh8 30. Kg2 Be7 31.
Rh1 Kf7 32. Ref1 Ke8 33. Bf4 Rhg8 34. Bg3 Kd7 35. b3 c3 36. axb5 axb5 37. b4 Kc6 38.
Bb3 Qf7 39. Qf2 Qh7 40. Qxd4 Rf8 41. Bxd5+ Kc7 42. e6+ Bd6 43. Qc5+ Kb8 44. Qxd6+ Ka7 45. Ra1+ 1-0

[Event "Early-Titled-Tuesday-Blitz-November-28-2023"]
[Site "Chess.com"]
[Date "2023.11.28"]
[Round "1"]
[White "elmusmolamas"]
[Black "jamengrand"]
[Result "1-0"]
[WhiteElo "2585"]
[BlackElo "2240"]
[TimeControl "180+1"]
[EndTime "8:07:25 PST"]
[Termination "elmusmolamas won by resignation"]

1. e4 Nc6 2. Nf3 e5 3. Bc4 Nf6 4. d3 d5 5. exd5 Nxd5 6. O-O Bc5 7. Bg5 f6 8. Bd2 Be7 9. Nc3 Nb6 10. Bb3 Bg4 11. h3 Bh5 12. g4 Bf7 13. Bxf7+ Kxf7 14. Nh4 Re8 15. Nf5 Kg8 16. Qf3 Nd4 17. Nxd4 exd4 18. Ne4 Qd7 19. Ng3 Nd5 20. Nf5 c6 21. Nxd4 Bc5 22. Nf5 Bb6 23. Rae1 a5 24. a3 a4 25. c4 Nc7 26. Bc3 Ne6 27. h4 Nd4 28. Nxd4 Bxd4 29. Re4 Bxc3 30. bxc3 Rxe4 31. Qxe4 Re8 32. Qd4 Qxd4 33. cxd4 Rd8 34. d5 cxd5 35. c5 Kf7 36. Rb1 Rd7 37. d4 h5 38. gxh5 Ke6 39. f3 Kf5 40.
Kf2 Kf4 41. Rb6 Re7 42. Rb4 f5 43. Rxa4 Re3 44. Rb4 Rxf3+ 45. Kg2 Rxa3 46. Rxb7 Ra2+ 47. Kf1 Kf3 48. Ke1 Ra1+ 49. Kd2 Ke4 50. Rxg7 Kxd4 51. c6 Ra2+ 52. Kc1 Kc3 53. Kb1 Rb2+ 54. Ka1 Rc2 55. c7 Kb3 56. Kb1 Rc6 57. h6 d4 58. h7 d3 59. h8=Q d2 60. Qg8+ Ka3 61. Qf8+ Kb3 62. Qf7+ Rc4 63. Qxc4+ Kxc4 64. Rd7 1-0

[Event "Early-Titled-Tuesday-Blitz-November-28-2023"]
[Site "Chess.com"]
[Date "2023.11.28"]
[Round "1"]
[White "AlexPapasimakopoulos"]
[Black "Mihajlovskij"]
[Result "1-0"]
[WhiteElo "2584"]
[BlackElo "2233"]
[TimeControl "180+1"]
[EndTime "8:07:25 PST"]
[Termination "AlexPapasimakopoulos won by resignation"]

1. d4 Nf6 2. c4 c5 3. d5 e6 4. Nc3 d6 5. e4 g6 6. h3 Bg7 7. Nf3 O-O 8. Bd3 exd5 9. exd5 Re8+ 10. Be3 Nbd7 11. O-O a6 12. Bf4 Ne5 13. Nxe5 dxe5 14.
Be3 b6 15. a4 a5 16. Qc2 Qd6 17. Nb5 Qd7 18. Rae1 Ba6 19. Nc3 h6 20. b3 Re7 21.
f4 Rae8 22. fxe5 Rxe5 23. Bf2 Nh5 24. Rxe5 Bxe5 25. Ne4 Nf4 26. Be3 Nxd3 27. Qxd3 f5 28. Nd2 Bg7 29. Nf3 Bb7 30. Bd2 Qe7 31. Re1 Qf7 32. Rxe8+ Qxe8 33. Kf2 Bc8 34. Bc3 Bf8 35. Bb2 Bg7 36. Bxg7 Kxg7 37. Qc3+ Kf7 38. Ne5+ Kf6 39. Ng4+ Kg5 40. Qf6+ Kh5 41. Ne5 Bd7 42. Kf3 f4 43. Kxf4 g5+ 44. Kf3 1-0

[Event "Early-Titled-Tuesday-Blitz-November-28-2023"]
[Site "Chess.com"]
[Date "2023.11.28"]
[Round "1"]
[White "abykhovsky"]
[Black "Real_taiatai"]
[Result "1-0"]
[WhiteElo "2674"]
[BlackElo "2362"]
[TimeControl "180+1"]
[EndTime "8:07:27 PST"]
[Termination "abykhovsky won by resignation"]

1. Nf3 Nf6 2. d4 g6 3. c4 Bg7 4. Nc3 O-O 5. Bg5 c5 6. d5 d6 7. h3 h6 8. Bh4 e6 9. Nd2 exd5 10.
cxd5 Re8 11. e3 a6 12. a4 Nbd7 13. Be2 g5 14. Bg3 Ne5 15. O-O Bf5 16. e4 Bd7 17.
Rb1 Rb8 18. b4 cxb4 19. Rxb4 Qc8 20. Qb3 h5 21. Rc1 h4 22. Bh2 Ng6 23. Bxd6 Nf4 24. Bxb8 Qxb8 25. Rxb7 Qc8 26. Bf1 Bxa4 27. Qb1 Bd7 28.
Ne2 Nxe2+ 29. Bxe2 Qd8 30. Bd3 g4 31. Qb6 Qe7 32. hxg4 Nxg4 33. Nf3 h3 34. g3 Ne5 35. Be2 Ng4 36. Bd3 Ne5 37. Nxe5 Bxe5 38. Qh6 Qa3 39. Rxd7 Qxd3 40. Qxh3 Qxe4 41. Qh4 Qe2 42. Rd8 Bg7 43. d6 Rxd8 44. Qxd8+ Kh7 45. Qh4+ Bh6 46. Qc4 Qd2 47. Qc2+ Kg7 48. Qxd2 Bxd2 49. d7 Ba5 50. Rc8 1-0

[Event "Early-Titled-Tuesday-Blitz-November-28-2023"]
[Site "Chess.com"]
[Date "2023.11.28"]
[Round "1"]
[White "grandemestregringo"]
[Black "nitpicker"]
[Result "1-0"]
[WhiteElo "2618"]
[BlackElo "2305"]
[TimeControl "180+1"]
[EndTime "8:07:28 PST"]
[Termination "grandemestregringo won on time"]

1. f4 Nf6 2. Nf3 g6 3. e3 c5 4.
b3 Bg7 5. Bb2 Nc6 6. Be2 O-O 7.
O-O d6 8. Qc1 Bd7 9. d3 b5 10.
a4 a6 11. Na3 Qb6 12. Kh1 Ne8 13. Bxg7 Nxg7 14. e4 e6 15. f5 exf5 16. Qh6 f6 17. Rab1 Ne5 18. Nd2 Ng4 19. Bxg4 fxg4 20. Qh4 Qd8 21. Qg3 Qe7 22. c3 Qe5 23. d4 Qxg3 24. hxg3 Ne6 25. d5 Ng5 26. a5 Rae8 27. Rf4 Re5 28.
c4 b4 29. Nc2 f5 30. Rbf1 Rf7 31. Ne3 fxe4 32. Nxg4 Bxg4 33. Rxg4 e3 34. Nf3 e2 35. Re1 Nxf3 36. gxf3 Rxf3 37. Kg2 Rxb3 38. Kf2 Ra3 39. Rxe2 Rxe2+ 40. Kxe2 b3 41. Re4 b2 42. Re8+ Kf7 43.
Rb8 Rxg3 44. Kf2 Ra3 45. Rxb2 Rxa5 46. Ke3 Ra4 47. Kf4 Rxc4+ 48. Kg5 Rd4 49. Rb7+ Ke8 50. Kf6 Rxd5 51. Ke6 Re5+ 52. Kxd6 Rf5 53. Ke6 Kd8 54. Rxh7 c4 55. Kd6 a5 56. Rh8+ 1-0

[Event "Early-Titled-Tuesday-Blitz-November-28-2023"]
[Site "Chess.com"]
[Date "2023.11.28"]
[Round "1"]
[White "DarZay"]
[Black "IamSchrodingersCat"]
[Result "0-1"]
[WhiteElo "2232"]
[BlackElo "2584"]
[TimeControl "180+1"]
[EndTime "8:07:28 PST"]
[Termination "IamSchrodingersCat won on time"]

1. e4 c5 2. Nf3 d6 3. d4 cxd4 4. Nxd4 Nf6 5. Nc3 g6 6. Bc4 Bg7 7. O-O O-O 8. a4 Nc6 9. Nb3 Bd7 10. h3 Rc8 11. Qe2 Na5 12. Nxa5 Qxa5 13. Nd5 Nxd5 14. exd5 Rfe8 15. c3 a6 16. Be3 Qc7 17. Bb3 Ra8 18.
a5 Bb5 19. c4 Bd7 20. Bb6 Qc8 21. Rac1 e6 22. Qd2 e5 23. c5 dxc5 24. Rxc5 Qb8 25. Rc7 Bb5 26. Rfc1 Rf8 27. d6 Qe8 28. d7 Qd8 29. Rxb7 Qh4 30. d8=Q Raxd8 31. Bxd8 Rxd8 32. Rxf7 Kh8 33. Qe3 Re8 34. Rfc7 Bh6 35. f4 Bxf4 36. Qa7 Bxc1 37. Rxc1 Qd4+ 38. Qxd4 exd4 0-1

[Event "Early-Titled-Tuesday-Blitz-November-28-2023"]
[Site "Chess.com"]
[Date "2023.11.28"]
[Round "1"]
[White "Zhigalko_Sergei"]
[Black "grunbergmihai"]
[Result "1-0"]
[WhiteElo "2902"]
[BlackElo "2499"]
[TimeControl "180+1"]
[EndTime "8:07:29 PST"]
[Termination "Zhigalko_Sergei won by resignation"]

1. e4 Nf6 2. e5 Nd5 3. d4 d6 4. Nf3 dxe5 5. Nxe5 c6 6. Be2 Nd7 7. Nf3 g6 8. c4 Nc7 9. Nc3 Bg7 10. O-O O-O 11. Re1 e5 12. Bg5 f6 13. Bh4 exd4 14. Nxd4 Nc5 15. Bf1 N7e6 16. Nxe6 Nxe6 17. Bg3 f5 18.
Bd6 Re8 19. c5 b6 20. Qb3 Kh8 21. Rad1 bxc5 22. Bxc5 Bd7 23. Rxe6 Rxe6 24. Qb7 Qc8 25. Qxd7 Qxd7 26. Rxd7 Re1 27. g3 Rb8 28. Bxa7 Rbe8 29. Kg2 Ra1 30. Bc4 Bf6 31. Rd6 Kg7 32. Rxc6 Rc1 33.
Rc7+ Kh8 34. Bb3 g5 35. Be3 Ra1 36. Nd5 Bxb2 37. Bxg5 Ree1 38. Bf6+ Bxf6 39. Nxf6 Rg1+ 40. Kf3 1-0

[Event "Early-Titled-Tuesday-Blitz-November-28-2023"]
[Site "Chess.com"]
[Date "2023.11.28"]
[Round "1"]
[White "Tsomaia_Nikoloz"]
[Black "Eagle_2019"]
[Result "0-1"]
[WhiteElo "2381"]
[BlackElo "2689"]
[TimeControl "180+1"]
[EndTime "8:07:29 PST"]
[Termination "Eagle_2019 won by resignation"]

1. e4 c5 2. Nf3 Nc6 3. Bb5 e5 4. Nc3 Bd6 5. d3 Nge7 6. O-O O-O 7. Nd2 Nd4 8. Ba4 a6 9. Nc4 Bc7 10. Ne3 b5 11. Bb3 Bb7 12. Ncd5 Nxb3 13. axb3 Nxd5 14. Nxd5 Bxd5 15. exd5 Re8 16. Re1 Qh4 17. g3 Qe7 18. Qf3 Qd6 19. c4 Rab8 20. Ra2 a5 21. Bd2 Qa6 22.
Rea1 a4 23. Qg4 g6 24. bxa4 f5 25. Qh4 bxc4 26. Qxc4 Qxc4 27. dxc4 Ra8 28. a5 Ra6 29. b4 cxb4 30. Bxb4 Rb8 31. Bd2 Kf7 32. c5 d6 33. c6 Rb5 34. Be3 Rxd5 35. Bb6 Bxb6 36. axb6 Rxb6 37. Rc1 Rc5 38. Ra7+ Ke6 39. Rxc5 dxc5 40.
c7 Kd7 41. c8=Q+ Kxc8 42. Rxh7 c4 43. Kf1 Rb2 44. Rg7 c3 45. Rxg6 c2 46. Rc6+ Kd7 47. Rc3 Rb1+ 48. Kg2 c1=Q 49. Rxc1 Rxc1 0-1

[Event "Early-Titled-Tuesday-Blitz-November-28-2023"]
[Site "Chess.com"]
[Date "2023.11.28"]
[Round "1"]
[White "SlavenPastar"]
[Black "Felix-Rose"]
[Result "1-0"]
[WhiteElo "2651"]
[BlackElo "2350"]
[TimeControl "180+1"]
[EndTime "8:07:30 PST"]
[Termination "SlavenPastar won by checkmate"]

1. Nf3 d5 2. g3 Nf6 3. Bg2 g6 4. O-O Bg7 5. d4 O-O 6. Nbd2 c5 7. dxc5 Nc6 8. Nb3 Na5 9. c3 e6 10. Nxa5 Qxa5 11. b4 Qc7 12. Bf4 Qc6 13. Be5 a5 14. a3 b6 15. Nd4 Qb7 16. c6 Qa6 17. b5 Qa7 18. a4 Qe7 19. Qb3 Re8 20. Rfd1 Qc5 21.
Qa3 Qxa3 22. Rxa3 Ra7 23. Raa1 Ng4 24. Bxg7 Kxg7 25. e4 e5 26. Nc2 dxe4 27. Bxe4 Nf6 28. Bg2 Be6 29. Ne3 Bb3 30. Rd6 Rc7 31. c4 Rb8 32. Rd3 Bxa4 33. Rxa4 e4 34. Rd6 Re8 35. h3 Re5 36. Nd5 Ne8 37. Rd7 Rc8 38. Nxb6 Rb8 39. Nd5 Nf6 40. Nxf6 Kxf6 41. Rxa5 Rc5 42. Raa7 Rxc4 43.
Rxf7+ Ke5 44. Rad7 Rxb5 45. c7 Rb1+ 46. Kh2 Rbc1 47. g4 e3 48. fxe3 R1c2 49. Kg3 R4c3 50.
Rfe7+ Kf6 51. h4 h6 52. Bd5 g5 53. Re6# 1-0

[Event "Early-Titled-Tuesday-Blitz-November-28-2023"]
[Site "Chess.com"]
[Date "2023.11.28"]
[Round "1"]
[White "Me_ch_an"]
[Black "subham777"]
[Result "0-1"]
[WhiteElo "2354"]
[BlackElo "2655"]
[TimeControl "180+1"]
[EndTime "8:07:31 PST"]
[Termination "subham777 won by resignation"]

1. e4 e6 2. d4 d5 3. e5 c5 4. c3 Nc6 5. g3 Qb6 6. Ne2 Nge7 7. Bh3 h5 8. O-O h4 9. g4 Bd7 10. b3 Rc8 11. Be3 Ng6 12. f4 cxd4 13. cxd4 Nb4 14. Nbc3 Bb5 15. Rc1 Nd3 16. Rc2 Ba6 17.
Na4 Qd8 18. Nc5 Nxc5 19. dxc5 Qa5 20. Bd4 Bxc5 21. Kh1 O-O 22. Rf2 Bxe2 23. Rcxe2 Ba3 24. Rc2 Qb4 25. f5 Rxc2 26. Rxc2 Nf4 27. Bf1 Qe7 28. f6 gxf6 29. exf6 Qd7 30. Qf3 Bd6 31. Be3 Ng6 32.
g5 Rc8 33. Rxc8+ Qxc8 34. Qh5 Qc6 35. Qh6 Bf8 36. Qh5 d4+ 37. Bg2 Qc3 38. Bg1 d3 39.
Be4 Qe5 40. Bxg6 Qd5+ 0-1

[Event "Early-Titled-Tuesday-Blitz-November-28-2023"]
[Site "Chess.com"]
[Date "2023.11.28"]
[Round "1"]
[White "ideika"]
[Black "Maxfan2008"]
[Result "0-1"]
[WhiteElo "2132"]
[BlackElo "2548"]
[TimeControl "180+1"]
[EndTime "8:07:33 PST"]
[Termination "Maxfan2008 won by checkmate"]

1. e4 c5 2. Nf3 d6 3. d4 cxd4 4. Nxd4 Nf6 5. Nc3 a6 6. Bg5 e6 7.
f4 Qb6 8. Qd2 Qxb2 9. Rb1 Qa3 10. Bc4 Nc6 11. Nxc6 bxc6 12. Bd3 Be7 13. O-O h6 14.
Bh4 d5 15. e5 Bc5+ 16. Kh1 Ng4 17. Rb3 Qa5 18. Qe2 Ne3 19. Rfb1 O-O 20. Be1 Ba7 21. Ne4 Qc7 22. Nd6 f6 23. Bf2 d4 24. Nxc8 Qxc8 25. Bxe3 dxe3 26. Bc4 fxe5 27. fxe5 Kh8 28. Rb7 Qe8 29. Qg4 Rf7 30. Bxe6 Re7 31. Rxe7 Qxe7 32. Bf5 g5 33. Qh5 Qg7 34. Rf1 Rf8 35. g4 e2 36. Re1 c5 37. Rxe2 Qb7+ 38. Kg1 c4+ 39. Kf1 Qh1# 0-1

[Event "Early-Titled-Tuesday-Blitz-November-28-2023"]
[Site "Chess.com"]
[Date "2023.11.28"]
[Round "1"]
[White "elohunter1999"]
[Black "MIss_MIaMI"]
[Result "1-0"]
[WhiteElo "2686"]
[BlackElo "2376"]
[TimeControl "180+1"]
[EndTime "8:07:35 PST"]
[Termination "elohunter1999 won on time"]

1. c4 e5 2. g3 f5 3. Nc3 Nf6 4. Nf3 Bb4 5. Nxe5 Qe7 6. Nf3 Bxc3 7. bxc3 O-O 8. Bg2 Re8 9. d3 Nc6 10. a4 d6 11. Ra2 Be6 12. O-O h6 13. Nd4 Nxd4 14. cxd4 c6 15. Ba3 Rad8 16. Rb2 Qf7 17. Qb3 Rd7 18. Rc1 d5 19. Qc3 f4 20. Qd2 fxg3 21. hxg3 Ng4 22. Qf4 Qh5 23. f3 Nf6 24.
Qh4 Qg6 25. c5 Rf7 26. Rcb1 Bc8 27. Rc2 Nh5 28. Kf2 Kh8 29. Bc1 Kh7 30. e3 Ref8 31. f4 Qxd3 32. Rbb2 Nf6 33. Rd2 Ne4+ 34. Bxe4+ Qxe4 35. Re2 g6 36. Qh2 h5 37. Qg2 Qxg2+ 38. Kxg2 Bg4 39. Red2 Re8 40. Rb3 1-0

[Event "Early-Titled-Tuesday-Blitz-November-28-2023"]
[Site "Chess.com"]
[Date "2023.11.28"]
[Round "1"]
[White "bescmelasti"]
[Black "Sulthankan"]
[Result "1-0"]
[WhiteElo "2648"]
[BlackElo "2351"]
[TimeControl "180+1"]
[EndTime "8:07:35 PST"]
[Termination "bescmelasti won by resignation"]

1. e4 e5 2. Nf3 Nc6 3. Bc4 Bc5 4. O-O Nf6 5. d3 d6 6. c3 O-O 7. h3 a6 8. Bb3 Ba7 9. Re1 h6 10. Nbd2 Be6 11. Nf1 Ne7 12. Bc2 Ng6 13. Ng3 Re8 14. d4 c6 15. Be3 exd4 16. cxd4 c5 17. d5 Bd7 18. Qd2 Ne5 19. Nxe5 dxe5 20. f4 c4 21.
fxe5 Rxe5 22. Bxa7 Rxa7 23. Qd4 Qb8 24. Qxc4 b5 25. Qd4 Ra8 26. Bb3 Qd6 27. Nf1 Rae8 28. Nd2 Rg5 29. Nf3 Qf4 30. Nxg5 Qxg5 31. Qe3 Qg6 32.
e5 Nh5 33. e6 fxe6 34. dxe6 Bc6 35. Re2 Ng3 36. Rf2 Nf5 37. Qe5 Nh4 38. e7+ Kh8 39. Bc2 Nf3+ 40. Rxf3 Bxf3 41. Bxg6 1-0

[Event "Early-Titled-Tuesday-Blitz-November-28-2023"]
[Site "Chess.com"]
[Date "2023.11.28"]
[Round "1"]
[White "ATM622"]
[Black "RobertoJBM"]
[Result "0-1"]
[WhiteElo "2458"]
[BlackElo "2832"]
[TimeControl "180+1"]
[EndTime "8:07:36 PST"]
[Termination "RobertoJBM won by resignation"]

1. d4 d5 2. c4 c6 3. Nf3 Nf6 4.
Nbd2 Bf5 5. Nh4 Be6 6. Qb3 Qb6 7.
c5 Qc7 8. Ndf3 g6 9. g3 Nh5 10. Ng5 Bc8 11. e4 f6 12. Ngf3 dxe4 13. Nd2 f5 14. Bc4 e5 15. g4 Nf4 16. gxf5 gxf5 17. Nf1 exd4 18. Ng3 Qe5 19. Bg8 Nd5 20. Bxd5 cxd5 21.
Bd2 f4 22. Ne2 e3 23. fxe3 fxe3 24. Bb4 Bg4 25. Rg1 Qh5 26. Ng2 Bxe2 27. Nf4 Qh4+ 28. Kxe2 Qxf4 29. Qxd5 d3+ 30. Kxd3 Qxb4 31. Rge1 Bxc5 32.
Qe6+ Kd8 33. Kc2 Nc6 34. Rad1+ Kc7 35. Kb1 Rad8 36. Qf7+ Kb6 37. Rc1 Rhe8 38. Qxh7 Qe4+ 39. Qxe4 Rxe4 40. Rc3 e2 41. Rc2 Rd1+ 42. Rc1 Rxc1+ 43. Rxc1 e1=Q 0-1

[Event "Early-Titled-Tuesday-Blitz-November-28-2023"]
[Site "Chess.com"]
[Date "2023.11.28"]
[Round "1"]
[White "Andrii_Prydun"]
[Black "Alexei_Gubajdullin"]
[Result "1/2-1/2"]
[WhiteElo "2382"]
[BlackElo "2672"]
[TimeControl "180+1"]
[EndTime "8:07:36 PST"]
[Termination "Game drawn - insufficient material"]

1. e4 g6 2. d4 Bg7 3. Ne2 d6 4. c3 Nf6 5. f3 Nc6 6. Be3 e5 7. d5 Ne7 8. Nd2 Nh5 9. g4 Nf6 10. h4 h5 11. g5 Nd7 12. c4 c5 13. a3 O-O 14. Nc1 a6 15. b4 Qc7 16. Nd3 b6 17.
Rg1 cxb4 18. axb4 a5 19. c5 bxc5 20. bxc5 dxc5 21. Nc4 Qd8 22. Nxc5 Nxc5 23. Bxc5 Ba6 24. Bb6 Qd7 25. Bxa5 Bxc4 26. Bxc4 Qd6 27. Rg2 Qc5 28. d6 Nc6 29. Qd5 Rxa5 30. Rxa5 Qxa5+ 31. Qxa5 Nxa5 32. Bd5 Rd8 33. Ra2 Rxd6 34. Rxa5 Rd7 35.
Rb5 Kf8 36. Rb7 Rxb7 37. Bxb7 f6 38. Kf2 fxg5 39. hxg5 Ke7 40. Kg3 Bf8 41. f4 exf4+ 42.
Kxf4 Bg7 43. Bc6 Bc3 44. Kg3 Bd2 45. Kh4 Be1+ 46. Kh3 Bf2 47. Bb5 Be3 48. Kh4 Ke6 49. Be8 Bf2+ 50. Kh3 Be3 51. Bxg6 Bxg5 52. Bxh5 Ke5 53.
Bg4 Kxe4 1/2-1/2

[Event "Early-Titled-Tuesday-Blitz-November-28-2023"]
[Site "Chess.com"]
[Date "2023.11.28"]
[Round "1"]
[White "AndresDelgado77"]
[Black "Mystery2007"]
[Result "1-0"]
[WhiteElo "2257"]
[BlackElo "2574"]
[TimeControl "180+1"]
[EndTime "8:07:37 PST"]
[Termination "AndresDelgado77 won by checkmate"]

1. e4 a6 2. d4 e6 3. Nf3 d5 4.
e5 c5 5. c3 Nc6 6. Bd3 Nh6 7.
a3 Bd7 8. b4 cxd4 9. cxd4 Qb6 10. Be3 Ng4 11. Nc3 Nxe3 12. fxe3 Be7 13. Rc1 O-O 14.
Na4 Qc7 15. O-O f5 16. exf6 Bxf6 17. Nc5 Rae8 18. a4 Qd6 19. b5 axb5 20. axb5 Nb4 21.
Nxd7 Qxd7 22. Be2 Rc8 23. Qb3 Qd6 24. Rxc8 Rxc8 25. Rb1 Be7 26. Ne5 Rc2 27. Bd3 Rc8 28.
g3 g6 29. Be2 Kg7 30. Rf1 Rf8 31. Qb1 Bf6 32. Ng4 h5 33. Nxf6 Rxf6 34. Rxf6 Kxf6 35. e4 dxe4 36. Qxe4 Qd5 37. Qf4+ Qf5 38. Qd6 Nd5 39. Qf8+ Kg5 40. h4# 1-0

[Event "Early-Titled-Tuesday-Blitz-November-28-2023"]
[Site "Chess.com"]
[Date "2023.11.28"]
[Round "1"]
[White "The_Straightforward_Rook"]
[Black "German_Bazeev"]
[Result "1-0"]
[WhiteElo "2469"]
[BlackElo "2791"]
[TimeControl "180+1"]
[EndTime "8:07:38 PST"]
[Termination "The_Straightforward_Rook won by resignation"]

1. e4 g6 2. d4 Bg7 3. Nf3 d6 4. Bd3 Nf6 5. O-O O-O 6. Re1 Nc6 7. c3 e5 8. h3 h6 9. Bc2 Nh5 10. a4 Qf6 11. d5 Ne7 12. Nbd2 Nf4 13. Nf1 g5 14.
Ne3 h5 15. Kh2 Bh6 16. g4 Kg7 17. Rg1 Rh8 18. Nf5+ Kf8 19. Bxf4 exf4 20. Kg2 Ng6 21. Qd4 Qxd4 22. cxd4 Bxf5 23. gxf5 Ne7 24. Kf1 f6 25. Bd3 c6 26. dxc6 bxc6 27. b4 Rg8 28. b5 g4 29.
hxg4 hxg4 30. Nh2 g3 31. Nf3 d5 32. e5 Kf7 33. Ke2 Rac8 34. e6+ Kf8 35. Rac1 g2 36. bxc6 Rxc6 37. Rxc6 Nxc6 38. Bb5 Nb4 39. Nh4 Nc2 40. Kd3 Ne1+ 41. Ke2 Nc2 42. Ng6+ Rxg6 43. fxg6 Nxd4+ 44. Kd3 f3 45. Kxd4 Bf4 46. Kxd5 Bh2 47. Re1 g1=Q 48. e7+ 1-0

[Event "Early-Titled-Tuesday-Blitz-November-28-2023"]
[Site "Chess.com"]
[Date "2023.11.28"]
[Round "1"]
[White "Qvalda"]
[Black "Kotlyar_K"]
[Result "1-0"]
[WhiteElo "2412"]
[BlackElo "2683"]
[TimeControl "180+1"]
[EndTime "8:07:38 PST"]
[Termination "Qvalda won by resignation"]

1. Nf3 Nf6 2. g3 g6 3. b3 Bg7 4.
Bb2 O-O 5. Bg2 d5 6. c4 c6 7. O-O Re8 8. d3 Nbd7 9. Nc3 e5 10. cxd5 cxd5 11. Rc1 a6 12. Qc2 Nb6 13. a4 d4 14.
Nb1 Nfd5 15. a5 Nb4 16. Qd2 N6d5 17. Ba3 Nc6 18. b4 Na7 19. Bb2 Nb5 20. Na3 Nxa3 21. Bxa3 Be6 22. Ng5 Qd7 23. Nxe6 Qxe6 24. Rc5 Red8 25.
Rfc1 Bf8 26. R5c4 Rab8 27. Bb2 Qd6 28. h4 Qe6 29. h5 f5 30. hxg6 hxg6 31. Qg5 Be7 32. Qh6 Bf8 33. Qg5 Be7 34. Qh6 Bf8 35. Qd2 Kh7 36. Bf3 Bh6 37. Qc2 Bxc1 38. Bxc1 Nf6 39.
Qd2 Ng8 40. Rc7+ Rd7 41. Rc5 Re7 42. Qg5 Rc8 43. Bd5 Qf6 44. Bxg8+ Rxg8 45. Qxf6 1-0

[Event "Early-Titled-Tuesday-Blitz-November-28-2023"]
[Site "Chess.com"]
[Date "2023.11.28"]
[Round "1"]
[White "wqws"]
[Black "GMJustin"]
[Result "0-1"]
[WhiteElo "2583"]
[BlackElo "2278"]
[TimeControl "180+1"]
[EndTime "8:07:38 PST"]
[Termination "GMJustin won by checkmate"]

1. e4 e5 2. Nf3 Nc6 3. Bb5 a6 4. Ba4 Be7 5. O-O Nf6 6. Re1 b5 7. Bb3 d6 8. c3 O-O 9. h3 Na5 10. Bc2 c5 11. d4 Qc7 12. d5 Bd7 13. Nbd2 g6 14. b3 Ne8 15. Nf1 Ng7 16. Ng3 Nb7 17. Bh6 f6 18. Qd2 Nd8 19. h4 Nf7 20. h5 Nxh6 21.
Qxh6 g5 22. Nf5 Nxf5 23. exf5 Rf7 24. Nxg5 fxg5 25. Re3 Bf6 26. Rg3 Qd8 27. a4 Qf8 28.
Qxf8+ Rfxf8 29. a5 e4 30. Bxe4 Rae8 31. Re3 b4 32. Bd3 Rxe3 33. fxe3 Bxc3 34. Ra2 Bb5 35. Bxb5 axb5 36. a6 Ra8 37. a7 c4 38. bxc4 bxc4 39. Ra6 b3 40. Kf2 b2 41. Rb6 Rxa7 42. Kf3 Ra3 43.
Rb8+ Kf7 44. Rb7+ Kf6 45. g4 Rb3 46. Rxh7 b1=Q 47. Rh6+ Kg7 48. Rg6+ Kf7 49. Rxd6 Qf1+ 50. Ke4 Qg2# 0-1

[Event "Early-Titled-Tuesday-Blitz-November-28-2023"]
[Site "Chess.com"]
[Date "2023.11.28"]
[Round "1"]
[White "KVAIDAN"]
[Black "Doomfist26"]
[Result "1-0"]
[WhiteElo "2349"]
[BlackElo "2625"]
[TimeControl "180+1"]
[EndTime "8:07:39 PST"]
[Termination "KVAIDAN won by resignation"]

1. f4 Nf6 2. Nf3 g6 3. d3 Bg7 4. e4 O-O 5. Be2 Nc6 6. O-O d6 7. Nc3 h6 8. Qe1 e5 9. fxe5 Nxe5 10. Qh4 Nfg4 11. Qg3 Nxf3+ 12. Bxf3 Ne5 13. Be2 Kh7 14.
Bf4 f5 15. Kh1 g5 16. Bxe5 Bxe5 17. Qe1 Be6 18. exf5 Bxf5 19. d4 Bg7 20. Rxf5 Rxf5 21. Bd3 Qf6 22. g4 Qxd4 23. Bxf5+ Kh8 24. Qe4 Qb6 25.
Re1 c6 26. Qe6 Qf2 27. Qe2 Qb6 28. Nd1 d5 29. c3 Rf8 30. Nf2 Qa5 31. Nd3 d4 32. b4 Qd5+ 33. Be4 Qd6 34. c4 Re8 35. c5 Qc7 36. Rf1 Qe7 37. Re1 Qf7 38. a4 b6 39.
Kg2 bxc5 40. Nxc5 Qf4 41. Qf3 Qe5 42. Re2 Qd6 43. Qf5 Kg8 44. Bd5+ cxd5 45. Rxe8+ Bf8 46. Ne6 Qxb4 47. Rxf8+ 1-0

[Event "Early-Titled-Tuesday-Blitz-November-28-2023"]
[Site "Chess.com"]
[Date "2023.11.28"]
[Round "1"]
[White "carokannlover213"]
[Black "semchik73"]
[Result "1-0"]
[WhiteElo "2690"]
[BlackElo "2388"]
[TimeControl "180+1"]
[EndTime "8:07:40 PST"]
[Termination "carokannlover213 won by resignation"]

1. e4 Nf6 2. e5 Nd5 3. d4 d6 4.
c4 Nb6 5. exd6 cxd6 6. Nf3 g6 7.
Be2 Bg7 8. O-O O-O 9. Be3 Nc6 10. Nc3 d5 11. c5 Nc4 12. Bxc4 dxc4 13. d5 Nb4 14. Bd4 Bxd4 15. Qxd4 Nc2 16. Qxc4 Nxa1 17. Rxa1 b6 18. c6 e6 19. Rd1 exd5 20. c7 Qd6 21. Nxd5 Bb7 22. Ne3 Qc6 23. Qxc6 Bxc6 24. Ne5 Bb7 25. g4 f6 26. Nd7 Rf7 27. h4 Bc6 28.
Nb8 Rxc7 29. Rd8+ Kf7 30. Nxc6 Rxd8 31. Nxd8+ Ke7 32. Nd5+ Kxd8 33. Nxc7 Kxc7 34. Kg2 Kd6 35. Kf3 Kd5 36. Kf4 Kd4 37. f3 h6 38. h5 g5+ 39. Kf5 Ke3 40. Kg6 Kxf3 41. Kxh6 Kxg4 42. Kg6 f5 43. h6 f4 44. h7 f3 45. h8=Q Kg3 46.
Qh1 g4 47. Qg1+ Kf4 48. Kh5 g3 49. Kh4 g2 50. Qf2 Ke4 51. Kg3 Ke5 52. Kxf3 1-0